 Dungeon Crawl Stone Soup version 0.22.1-2-g9c5b331 (webtiles) character file.

37 Lilu the Magician (level 3, -5/20 HPs)
             Began as a Deep Elf Wizard on Dec 1, 2018.
             Killed by nerve-wracking pain
             ... invoked by Jessica
              (14 damage)
             ... on level 2 of the Dungeon.
             The game lasted 00:05:10 (1194 turns).

Lilu the Magician (Deep Elf Wizard)                 Turns: 1194, Time: 00:05:10

Health: -5/20      AC:  3    Str:  4    XL:     3   Next: 23%
Magic:  8/10       EV: 13    Int: 23    God:
Gold:   4          SH:  0    Dex: 13    Spells: 2/10 levels left

rFire    . . .     SeeInvis .   h - +1 dagger (drain)
rCold    . . .     Gourm    .   (no shield)
rNeg     . . .     Faith    .   a - +0 robe
rPois    .         Spirit   .   b - +0 hat
rElec    .         Reflect  .   (no cloak)
rCorr    .         Harm     .   (no gloves)
MR       .....                  e - +0 pair of boots
Stlth    ++........             (no amulet)
HPRegen  0.06/turn              (no ring)
MPRegen  0.12/turn              (no ring)

@: no status effects
A: no striking features
a: no special abilities


You were on level 2 of the Dungeon.
You were not hungry.

You visited 1 branch of the dungeon, and saw 2 of its levels.

You collected 4 gold pieces.

Inventory:

Hand Weapons
 h - a +1 dagger of draining (weapon)
Missiles
 i - 25 stones (quivered)
 l - 7 needles of paralysis
Armour
 a - a +0 robe (worn)
 b - a +0 hat (worn)
 e - a +0 pair of boots (worn)
 j - a cursed +0 leather armour
Scrolls
 k - 2 scrolls of identify {unknown}
 m - 2 scrolls of teleportation {unknown}
Potions
 c - a potion of lignification {unknown}
 g - a potion of agility {unknown}
Comestibles
 d - 3 rations
 f - 5 chunks of flesh


   Skills:
 + Level 1.2 Fighting
 + Level 3.2 Dodging
 - Level 2.4 Stealth
 - Level 4.4 Spellcasting
 + Level 2.2 Conjurations
 - Level 1.1 Summonings
 - Level 1.1 Translocations


You had 2 spell levels left.
You knew the following spells:

 Your Spells              Type           Power        Failure   Level  Hunger
a - Magic Dart            Conj           ###.         4%          1    None
b - Call Imp              Summ           ##......     10%         2    None
c - Blink                 Tloc           N/A          10%         2    None
d - Mephitic Cloud        Conj/Pois/Air  #.......     22%         3    ##.....

Your spell library contained the following spells:

 Spells                   Type           Power        Failure   Level  Hunger
 Slow                     Hex            #.......     16%         2    None
 Conjure Flame            Conj/Fire      ##......     19%         3    ##.....


Dungeon Overview and Level Annotations

Branches:
Dungeon (2/15)

Altars:

Annotations:
D:2 Jessica


Message History

You climb downwards.
A worm, a goblin, 2 hobgoblins and Jessica come into view.
Jessica shouts!
The goblin shouts!
Found 18 gold pieces, a falchion and a scroll labeled DEYCUU LIGH.
There is a stone staircase leading up here.
Casting: Magic Dart (safe; 4% risk of failure)
Confirm with . or Enter, or press ? or * to list all spells.
You blink.
Found 21 stones and a dagger.
Casting: Blink (safe; 10% risk of failure)
Confirm with . or Enter, or press ? or * to list all spells.
Aiming: Mephitic Cloud (safe; 22% risk of failure)
Press: ? - help, Shift-Dir - straight line
Okay, then.
The worm bites you!
Ouch! That really hurt!
Jessica casts a spell at you. Pain shoots through your body!
Ouch! That really hurt!
You die...

#.# #.#
#### #.#
)(.. #.#
#.. #.#
##..##.##
.##..?....#
.....gw...#
##..$.@..#
#...@.g..#
#........#
#......g.#
#..<..$..#
#.###)####
#. #.# # #.


You could see a worm, Jessica, 2 hobgoblins and a goblin.

Vanquished Creatures
  A gnoll (D:1)
  An ooze (D:1)
  4 giant cockroaches (D:1)
  3 goblins (D:1)
  4 hobgoblins (D:1)
  2 bats (D:1)
  3 kobolds (D:1)
  4 rats (D:1)
22 creatures vanquished.

Notes
Turn   | Place    | Note
-------+----------+-------------------------------------------
     0 | D:1      | Lilu the Deep Elf Wizard began the quest for the Orb.
     0 | D:1      | Reached XP level 1. HP: 10/10 MP: 7/7
   498 | D:1      | Reached XP level 2. HP: 14/16 MP: 3/9
   502 | D:1      | Learned a level 2 spell: Call Imp
   505 | D:1      | Learned a level 2 spell: Blink
   612 | D:1      | Reached skill level 1 in Fighting
   769 | D:1      | Reached XP level 3. HP: 20/20 MP: 6/10
  1191 | D:1      | Learned a level 3 spell: Mephitic Cloud
  1192 | D:2      | Noticed Jessica
  1194 | D:2      | Killed from afar by Jessica

Skill      XL: |  1  2 |
---------------+-------+-----
Fighting       | 1 |  1.2
Dodging        | 3 |  3.2
Conjurations   | 2 |  2.2
Stealth        | |  2.4
Spellcasting   | |  4.4
Summonings     | |  1.1
Translocations | |  1.1

Action                   || total
-------------------------++-------
Melee: Dagger            ||     5
 Cast: Magic Dart        ||    65
       Blink             ||     1
  Eat: Chunk             ||     1
Armor: Robe              ||     4
Dodge: Dodged            ||     8
